 Dungeon Crawl Stone Soup version 0.20.1-1-g8b1a95d (webtiles) character file.

830 equalderp2856 the Chopper (level 7, -5/54 HPs)
             Began as a Mummy Fighter on Oct 25, 2017.
             Slain by a phantom (6 damage)
             ... on level 4 of the Dungeon.
             The game lasted 00:09:04 (5928 turns).

equalderp2856 the Chopper (Mummy Fighter)           Turns: 5928, Time: 00:09:06

Health: -5/54      AC:  9    Str: 19    XL:     7   Next: 65%
Magic:  11/11      EV:  5    Int: 13    God:
Gold:   202        SH: 16    Dex: 11    Spells: 11/11 levels left

rFire    x . .     SeeInvis .   a - +0 war axe
rCold    + . .     Gourm    .   p - +3 shield of the Evening {Int+3}
rNeg     + + +     Faith    .   i - +0 chain mail (curse)
rPois    ∞         Spirit   .   (no helmet)
rElec    .         Reflect  +   (no cloak)
rCorr    .         Harm     .   (no gloves)
MR       .....                  (no boots)
Stlth    ..........             k - +4 amulet of reflection
Regen    0.2/turn               (no ring)
MPRegen  0.2/turn               (no ring)

@: no status effects
A: no food or potions, fire vulnerability, cold resistance 1, negative energy
resistance 3, torment resistance, unbreathing
a: no special abilities


You were on level 4 of the Dungeon.
You were not hungry.

You visited 1 branch of the dungeon, and saw 4 of its levels.

You collected 202 gold pieces.

Inventory:

Hand Weapons
 a - a +0 war axe (weapon)
Armour
 b - a +0 scale mail
 c - a +0 shield
 i - a cursed +0 chain mail (worn)
 p - the +3 shield of the Evening (worn) {Int+3}
   (You found it on level 4 of the Dungeon)

   It affects your intelligence (+3).
Jewellery
 j - an uncursed ring of protection from cold {unknown}
 k - a +4 amulet of reflection (around neck)
Scrolls
 d - 3 scrolls of teleportation {unknown}
 e - 3 scrolls of magic mapping {unknown}
 f - 2 scrolls of fear {unknown}
 g - 4 scrolls of identify {unknown}
 h - 2 scrolls of random uselessness {unknown}
 l - a scroll of blinking {unknown}
 m - 3 scrolls of recharging {unknown}
 n - 2 scrolls of remove curse {unknown}
 o - a scroll of enchant armour {unknown}


   Skills:
 + Level 4.0 Fighting
 * Level 4.8 Axes
 + Level 3.6 Armour
 + Level 1.2 Dodging
 + Level 0.5 Stealth
 + Level 3.8 Shields
 * Level 2.9 Spellcasting


You had 11 spell levels left.
You didn't know any spells.

Dungeon Overview and Level Annotations

Branches:
Dungeon (4/15)
 Temple: D:4-7

Altars:
Sif Muna

Annotations:
D:4 angelAurora's ghost, amateur DrFE


Innate Abilities, Weirdness & Mutations

You do not eat or drink.
Your flesh is vulnerable to fire.
You are immune to poison.
Your flesh is cold resistant. (rC+)
You are immune to negative energy. (rN+++)
You are immune to unholy pain and torment.
You can survive without breathing.


Message History

Unknown command.
Unknown command.
You miss the phantom.
The phantom is moderately damaged.
You block the phantom's attack.
Unknown command.
You closely miss the phantom.
The phantom is moderately damaged.
You hit angelAurora's ghost. You block the phantom's attack.
AngelAurora's ghost says, "What do you have that I didn't have?"
AngelAurora's ghost hits you.
Unknown command.
You hit angelAurora's ghost.
AngelAurora's ghost is lightly damaged.
You slash the phantom! The phantom hits you.
AngelAurora's ghost gestures at you while chanting.
The flame tongue hits you! The fire burns you terribly!
* * * LOW HITPOINT WARNING * * *
The phantom hits you.
You die...

#.#.................
#..#####............
#.## ##..####.....
#.# #..######### #.#
#..÷..###### #.#
#.#)#....... #.##
+###h##...... ##W###
#.'!!.#......
##@.##h###.##......
#W##.. ####.......
#.#%?h #..W.#.....
#.#... #..###.....
#.##?.##..# #.....
#..####...###.....
#.....W.......!...
#........####.....
########## ######


You could see a phantom and angelAurora's ghost.

Vanquished Creatures
  Eustachio (D:3)
  An ogre (D:4)
  The ghost of angelAurora the Conjurer, an amateur DrCj of Jiyva (D:3)
  A centaur (D:3)
  A scorpion (D:4)
  4 hounds (D:4)
  An orc wizard (D:3)
  A bullfrog skeleton (D:4)
  An iguana (D:4)
  Natasha (thrice) (D:3 D:2)
  3 adders
  An ooze (D:4)
  A worm (D:2)
  A dart slug (D:2)
  2 leopard geckos
  5 orcs
  7 giant cockroaches
  9 goblins
  8 hobgoblins
  3 jackals (D:2)
  5 kobolds
  A quokka (D:2)
  A ball python (D:1)
  10 bats
  8 frilled lizards
  A quokka zombie (D:4)
  11 rats
92 creatures vanquished.

Notes
Turn   | Place    | Note
-------+----------+-------------------------------------------
     0 | D:1      | equalderp2856 the Mummy Fighter began the quest for the Orb.
     0 | D:1      | Reached XP level 1. HP: 18/18 MP: 1/1
   368 | D:1      | Reached XP level 2. HP: 22/24 MP: 2/2
  1041 | D:1      | Reached XP level 3. HP: 27/29 MP: 3/3
  1775 | D:2      | Reached XP level 4. HP: 33/35 MP: 4/4
  1966 | D:3      | Noticed angelAurora's ghost (amateur DrCj)
  2418 | D:3      | Noticed a centaur
  2425 | D:3      | Killed a centaur
  2425 | D:3      | Reached XP level 5. HP: 18/41 MP: 4/6
  2429 | D:3      | Reached skill level 1 in Spellcasting
  2677 | D:3      | Noticed Natasha
  2688 | D:3      | Killed Natasha
  2853 | D:3      | Noticed Natasha
  2910 | D:4      | Noticed angelAurora's ghost (amateur DrFE)
  3006 | D:3      | HP: 2/41 [angelAurora's ghost/magic dart (9)]
  3020 | D:2      | HP: 2/41 [jackal (2)]
  3491 | D:2      | Killed Natasha
  3607 | D:2      | Noticed Natasha
  3613 | D:2      | Killed Natasha
  3613 | D:2      | Reached XP level 6. HP: 27/47 MP: 8/8
  4586 | D:3      | Killed angelAurora's ghost
  4675 | D:3      | Reached skill level 1 in Dodging
  4905 | D:4      | Got a faintly glowing shield
  4916 | D:4      | Identified the +3 shield of the Evening {Int+3} (You found it on level 4 of the Dungeon)
  5063 | D:4      | Noticed Eustachio
  5365 | D:3      | Killed Eustachio
  5365 | D:3      | Reached XP level 7. HP: 40/53 MP: 10/10
  5522 | D:4      | Found a deep blue altar of Sif Muna.
  5928 | D:4      | HP: 1/54 [angelAurora's ghost/flame tongue (21)]
  5928 | D:4      | Slain by a phantom

Skill      XL: |  1  2  3  4  5  6  7 |
---------------+----------------------+-----
Axes           | 2 3 4 |  4.8
Armour         | 3 |  3.6
Spellcasting   | 1 2 |  2.9
Shields        | 3 |  3.8
Dodging        | 1 |  1.2
Fighting       | 4 |  4.0
Stealth        | |  0.5

Action                   |  1- 3 |  4- 6 |  7- 9 || total
-------------------------+-------+-------+-------++-------
Melee: War axe           |   165 |   270 |    58 ||   493
Armor: Scale mail        |    83 |       |       ||    83
       Chain mail        |    27 |   168 |    21 ||   216
Dodge: Dodged            |    55 |    58 |    11 ||   124
Block: Shield            |    95 |   311 |    48 ||   454
       Reflection        |       |     5 |       ||     5
